 Dungeon Crawl Stone Soup version 0.18.1-6-gd335043 (webtiles) character file.

256 George the Slasher (level 5, 0/38 HPs)
             Began as a Demonspawn Gladiator on May 18, 2016.
             Slain by a goblin (4 damage)
             ... led by Robin
             ... on level 3 of the Dungeon.
             The game lasted 00:03:22 (3076 turns).

George the Slasher (Demonspawn Gladiator)           Turns: 3076, Time: 00:03:22

Health: 0/38       AC:  6    Str: 16    XL:     5   Next: 92%
Magic:  5/5        EV: 11    Int:  9    God:
Gold:   141        SH:  0    Dex: 14    Spells: 0 memorised, 4 levels left

rFire  . . .     SeeInvis .     a - +0 long sword
rCold  . . .     Gourm    .     n - +0 ring mail
rNeg   . . .     Faith    .     (no shield)
rPois  .         Spirit   .     c - +0 helmet
rElec  .         Dismiss  .     (no cloak)
rCorr  .         Reflect  .     (no gloves)
SustAt .         Harm     .     (no boots)
MR     .....                    (no amulet)
Stlth  +.........               (no ring)
                                (no ring)

@: not resistant to hostile enchantments, very unstealthy
A: talons 1, demonic guardian 1
a: no special abilities


You were on level 3 of the Dungeon.
You were not hungry.

You visited 1 branch of the dungeon, and saw 3 of its levels.

You collected 141 gold pieces.

Inventory:

Hand Weapons
 a - a +0 long sword (weapon)
Missiles
 d - 3 throwing nets (quivered)
Armour
 c - a +0 helmet (worn)
 n - a +0 ring mail (worn)
Scrolls
 h - 2 scrolls of blinking {unknown}
 i - 4 scrolls of teleportation {unknown}
 j - 3 scrolls of remove curse {unknown}
 l - 2 scrolls of identify {unknown}
 o - a scroll of fog {unknown}
 s - 3 scrolls of amnesia {unknown}
 v - 2 scrolls of enchant weapon {unknown}
 y - a scroll of recharging {unknown}
Potions
 g - 2 potions of heal wounds {unknown}
 k - a potion of cancellation {unknown}
 m - a potion of magic {unknown}
 r - a potion of ambrosia {unknown}
 t - 3 potions of curing {unknown}
 u - 2 potions of haste {unknown}
 w - a potion of lignification {unknown}
Comestibles
 f - 2 bread rations
 p - 2 meat rations
 q - 2 beef jerkies


   Skills:
 - Level 2.0 Fighting
 + Level 6.1 Long Blades
 - Level 1.7 Throwing
 - Level 2.6 Dodging


You had 4 spell levels left.
You didn't know any spells.

Dungeon Overview and Level Annotations

Branches:
Dungeon (3/15)

Altars:

Annotations:
D:3 Robin


Innate Abilities, Weirdness & Mutations

You have sharp toenails.
A weak demonic guardian rushes to your aid.


Message History

Robin is heavily wounded.
Robin hits you with a whip.
* * * LOW HITPOINT WARNING * * *
The goblin hits you but does no damage. The goblin hits you with a dagger.
* * * LOW HITPOINT WARNING * * *
You hit Robin. You claw Robin, but do no damage.
Robin is heavily wounded.
Robin barely misses you. The goblin hits you but does no damage.
The goblin hits you with a dagger.
* * * LOW HITPOINT WARNING * * *
Robin hits you but does no damage.
You closely miss Robin. Your kick misses Robin.
Robin is heavily wounded.
The goblin closely misses you. x2; Robin barely misses you.
You barely miss Robin.
Robin is heavily wounded.
The goblin hits you but does no damage. x2; Robin zaps a wand.
Robin looks slightly unstable.
It is a wand of teleportation.
The goblin hits you.
You die...

.......#####..##.#..##.#(.##(#
.......# ##.##.##..........#
.......######..#.##..#.#.#.#.#
.......#....##.#.###.........#
.......#....##.#.# #.#.#.#.#.#
.###'###....##...###....(....#
.# #.# #....###..##..#.#.#.#.###
.###.# #....# #gg##............#
.....###....####@##..#.#.#.#.#.#
#######......)##g÷.....).......#
........#.#.#g)...######......##
#######.......###'### ########
#.#.#.#.......# #.............#
#.#.#.#.......#
#####.............#
#.................#


You could see Robin and 2 goblins.

Vanquished Creatures
  The ghost of HungrySpirit the Cutter, an amateur HaAr (D:3)
  A crimson imp (D:2)
  4 adders (D:2)
  2 oozes (D:1)
  3 worms
  A dart slug (D:3)
  6 giant geckos
  4 orcs (D:3)
  A ball python (D:2)
  6 bats
  11 goblins
  16 hobgoblins
  4 jackals
  2 quokkas
  3 giant newts
  8 kobolds
  8 rats
81 creatures vanquished.

Notes
Turn   | Place    | Note
--------------------------------------------------------------
     0 | D:1      | George the Demonspawn Gladiator began the quest for the Orb.
     0 | D:1      | Reached XP level 1. HP: 16/16 MP: 1/1
   111 | D:1      | Reached skill level 3 in Long Blades
   125 | D:1      | Gained mutation: You have sharp toenails. [demonic ancestry]
   125 | D:1      | Reached XP level 2. HP: 18/22 MP: 2/2
   592 | D:1      | Reached XP level 3. HP: 25/27 MP: 3/3
   882 | D:1      | Reached skill level 4 in Long Blades
  1380 | D:2      | Gained mutation: A weak demonic guardian rushes to your aid. [demonic ancestry]
  1380 | D:2      | Reached XP level 4. HP: 33/33 MP: 4/4
  2095 | D:2      | Reached skill level 5 in Long Blades
  2095 | D:2      | Reached XP level 5. HP: 33/38 MP: 5/5
  2376 | D:3      | Noticed HungrySpirit's ghost (amateur HaAr)
  2389 | D:3      | Killed HungrySpirit's ghost
  2543 | D:3      | Found a faded altar to an unknown god.
  2667 | D:3      | Reached skill level 6 in Long Blades
  3055 | D:3      | Noticed Robin
  3076 | D:3      | Slain by a goblin

Skill      XL: |  1  2  3  4  5 |
---------------+----------------+-----
Long Blades    | 3 4 5 6 |  6.1
Fighting       | |  2.0
Throwing       | |  1.7
Dodging        | |  2.6

Action                   |  1- 3 |  4- 6 || total
-------------------------+-------+-------++-------
Melee: Long sword        |    94 |   208 ||   302
       Kick              |    17 |    47 ||    64
 Stab: Sleeping          |     2 |       ||     2
  Eat: Chunk             |     1 |     6 ||     7
Armor: Leather armour    |    11 |       ||    11
       Ring mail         |    21 |    74 ||    95
Dodge: Dodged            |    66 |   139 ||   205
